 Dungeon Crawl Stone Soup version 0.28-a0-105-g49a0850c41 (webtiles) character file.

Game seed: 5183434057894115493

2065 pokeman the Thaumaturge (level 9, -2/48 HPs)
             Began as a Deep Elf Hedge Wizard on Aug 11, 2021.
             Was an Initiate of Vehumet.
             Killed by nerve-wracking pain
             ... invoked by Menkaure
              (9 damage)
             ... on level 7 of the Dungeon.
             The game lasted 00:16:27 (8752 turns).

pokeman the Thaumaturge (Deep Elf Hedge Wizard)     Turns: 8752, Time: 00:16:27

Health: -2/48      AC:  6    Str:  7    XL:     9   Next: 5%
Magic:  21/25      EV: 12    Int: 29    God:    Vehumet [......]
Gold:   389        SH:  0    Dex: 14    Spells: 18/29 levels left

rFire   . . .      SeeInvis .   r - +2 dagger (drain)
rCold   . . .      Faith    .   (no shield)
rNeg    . . .      Spirit   .   v - +0 leather armour
rPois   .          Reflect  .   w - +0 helmet
rElec   .          Harm     .   (no cloak)
rCorr   .          Rampage  .   k - +0 pair of gloves
Will    .....                   d - +0 pair of boots
Stlth   ++........              (no amulet)
HPRegen 0.16/turn               y - +6 ring of intelligence
MPRegen 0.19/turn               t - ring of wizardry

@: no status effects
A: no striking features
a: Renounce Religion


You were on level 7 of the Dungeon.
You worshipped Vehumet.
Vehumet was noncommittal.
You visited 2 branches of the dungeon, and saw 8 of its levels.

You collected 389 gold pieces.

Inventory:

Hand Weapons
 r - a +2 dagger of draining (weapon)
Missiles
 b - 14 bolts
 n - 37 arrows
Armour
 d - a +0 pair of boots (worn)
 k - a +0 pair of gloves (worn)
 v - a +0 leather armour (worn)
 w - a +0 helmet (worn)
Jewellery
 f - a +4 ring of protection
 q - a ring of protection from cold
 t - a ring of wizardry (right hand)
 y - a +6 ring of intelligence (left hand)
 C - a +6 ring of strength
Wands
 A - a wand of iceblast (8)
Scrolls
 c - a scroll of acquirement {unknown}
 g - 3 scrolls of fear {unknown}
 h - 3 scrolls of teleportation {unknown}
 j - a scroll of summoning {unknown}
 l - 8 scrolls of identify {unknown}
 m - 2 scrolls of amnesia {unknown}
 p - a scroll of enchant weapon {unknown}
 B - a scroll of fog {unknown}
Potions
 a - a potion of lignification {unknown}
 e - a potion of mutation {unknown}
 i - 6 potions of curing {unknown}
 o - a potion of attraction {unknown}
 s - a potion of magic {unknown}
 u - 2 potions of haste {unknown}
 x - 2 potions of heal wounds {unknown}
 z - a potion of brilliance {unknown}


   Skills:
 - Level 2.0 Fighting
 + Level 2.7 Armour
 - Level 4.0 Dodging
 - Level 3.0 Stealth
 * Level 10.6 Spellcasting
 + Level 5.8 Conjurations
 - Level 1.1 Summonings
 - Level 1.1 Translocations
 + Level 4.9 Fire Magic
 - Level 1.0 Air Magic
 - Level 1.0 Poison Magic
 + Level 0.6 Evocations


You had 18 spell levels left.
You knew the following spells:

 Your Spells              Type           Power      Damage    Failure   Level
a - Magic Dart            Conj           100%       1d8       1%          1
b - Mephitic Cloud        Conj/Pois/Air  30%        N/A       2%          3
c - Call Imp              Summ           21%        N/A       1%          2
d - Blink                 Tloc           N/A        N/A       1%          2
e - Conjure Flame         Conj/Fire      46%        6-21      1%          3

Your spell library contained the following spells:

 Spells                   Type           Power      Damage    Failure   Level
 Corona                   Hex            16%        N/A       2%          1
 Ensorcelled Hibernation  Hex/Ice        30%        N/A       3%          2
 Slow                     Hex            15%        N/A       3%          2
 Confusing Touch          Hex            15%        N/A       6%          3
 Tukima's Dance           Hex            15%        N/A       6%          3
 Vampiric Draining        Necr           7%         2d7       6%          3
 Dispersal                Tloc           10%        N/A       86%         6
 Disjunction              Tloc           10%        N/A       100%        8


Dungeon Overview and Level Annotations

Branches:
Dungeon (7/15)             Temple (1/1) D:4

Altars:
Cheibriados
Makhleb
Nemelex Xobeh
Trog
Vehumet

Shops:
D:5 *

Annotations:
D:7 Menkaure


Message History

Casting: Magic Dart (safe; 1% risk of failure)
Confirm with . or Enter, or press ? or * to list all spells.
Aiming: Magic Dart (safe; 1% risk of failure)
Press: ? - help, Shift-Dir - straight line, f/p - Menkaure
Aim: Menkaure (moderately damaged, 100% to hit)
The magic dart hits Menkaure but does no damage.
Menkaure is moderately damaged.
Menkaure calls on the powers of darkness!
Your body is wracked with pain!
* * * LOW HITPOINT WARNING * * *
Casting: Magic Dart (safe; 1% risk of failure)
Confirm with . or Enter, or press ? or * to list all spells.
Aiming: Magic Dart (safe; 1% risk of failure)
Press: ? - help, Shift-Dir - straight line, f/p - Menkaure
Aim: Menkaure (moderately damaged, 100% to hit)
The magic dart hits Menkaure.
Menkaure is moderately damaged.
Casting: Magic Dart (safe; 1% risk of failure)
Confirm with . or Enter, or press ? or * to list all spells.
Aiming: Magic Dart (safe; 1% risk of failure)
Press: ? - help, Shift-Dir - straight line, f/p - Menkaure
Aim: Menkaure (moderately damaged, 100% to hit)
The magic dart hits Menkaure.
Menkaure is heavily damaged.
Menkaure casts a spell at you. Pain shoots through your body!
* * * LOW HITPOINT WARNING * * *
Menkaure calls on the powers of darkness!
You feel a surge of unholy energy.
Menkaure giggles, "These cerements are ticklish..."
Menkaure grins.
A scorpion comes into view.
An orc comes into view. It is wielding a +0 flail.
Menkaure mumbles some strange words.
Menkaure seems to speed up.
An orc wizard comes into view. It is wielding a +0 dagger.
An orc wizard comes into view.
It is wielding a +1 dagger of electrocution.
Menkaure gestures at you while chanting.
Pain shoots through your body!
You die...

.......<....... ...
#####.#######.#
..... #....
)....####.#.# ####
............###s...
..................#
..................#
..................#
.........@.<......#
...)....#...[.....#
..###(M.#.........#
#...#..........
.###...#..........
...................
#...o....####......
#..o.....# ....##
#........#


You could see Menkaure (fast) and a scorpion (wandering).

Vanquished Creatures
  Pikel (D:6)
  Sigmund (D:2)
  A sky beast (D:5)
  A black bear (D:4)
  A necrophage (D:5)
  3 ogres
  A lemure (D:6)
  A scorpion (D:5)
  A howler monkey (D:3)
  8 hounds
  A centaur skeleton (D:6)
  4 jellies
  An iguana (D:5)
  A scorpion zombie (D:3)
  An orc wizard (D:3)
  23 gnolls (D:3)
  2 howler monkey skeletons (D:5)
  3 adders
  2 shadow imps (D:5)
  2 ufetubi
  2 worms
  3 dart slugs
  19 orcs
  7 endoplasms
  2 giant cockroaches (D:2)
  6 goblins
  4 hobgoblins
  18 jackals
  4 kobolds
  5 quokkas
  9 ball pythons
  3 bats
  2 rats
143 creatures vanquished.

Vanquished Creatures (others)
  7 plants
7 creatures vanquished.

Grand Total: 150 creatures vanquished

Notes
Turn   | Place    | Note
-------+----------+-------------------------------------------
     0 | D:1      | pokeman the Deep Elf Hedge Wizard began the quest for the
                  | Orb.
     0 | D:1      | Reached XP level 1. HP: 10/10 MP: 7/7
   328 | D:1      | Reached XP level 2. HP: 15/15 MP: 2/9
  1245 | D:2      | Reached skill level 5 in Spellcasting
  1462 | D:2      | Found a faded altar of an unknown god.
  1615 | D:2      | Reached XP level 3. HP: 20/20 MP: 7/11
  1619 | D:2      | Learned a level 3 spell: Mephitic Cloud
  1622 | D:2      | Learned a level 2 spell: Call Imp
  1625 | D:2      | Learned a level 2 spell: Blink
  1629 | D:2      | Learned a level 3 spell: Conjure Flame
  2046 | D:2      | Reached skill level 1 in Fighting
  2198 | D:2      | Noticed Sigmund
  2386 | D:2      | Reached skill level 1 in Armour
  2486 | D:2      | Killed Sigmund
  2487 | D:2      | Reached skill level 6 in Spellcasting
  2487 | D:2      | Reached skill level 1 in Fire Magic
  2487 | D:2      | Reached XP level 4. HP: 11/25 MP: 3/14
  2487 | D:2      | Reached XP level 5. HP: 13/29 MP: 3/15
  3678 | D:3      | Reached XP level 6. HP: 29/34 MP: 4/17
  4131 | D:3      | Reached skill level 7 in Spellcasting
  4455 | D:3      | Reached skill level 1 in Air Magic
  4455 | D:3      | Reached XP level 7. HP: 38/38 MP: 14/20
  4717 | D:3      | Reached skill level 1 in Poison Magic
  4905 | D:3      | Reached skill level 8 in Spellcasting
  6310 | D:4      | Reached XP level 8. HP: 44/44 MP: 19/22
  6336 | D:4      | Reached skill level 9 in Spellcasting
  6412 | D:4      | Found a staircase to the Ecumenical Temple.
  6426 | Temple   | Entered the Ecumenical Temple
  6437 | Temple   | Became a worshipper of Vehumet
  6609 | D:5      | Entered Level 5 of the Dungeon
  6956 | D:5      | Reached skill level 5 in Conjurations
  7417 | D:5      | Found Cakhyil's Assorted Antiques.
  8071 | D:6      | Noticed Pikel
  8085 | D:6      | Killed Pikel
  8086 | D:6      | Reached skill level 10 in Spellcasting
  8396 | D:6      | Reached XP level 9. HP: 48/48 MP: 22/25
  8686 | D:7      | Noticed Menkaure
  8752 | D:7      | Killed from afar by Menkaure

Illustrated notes

Levels and vault maps discovered:
D:1:      dpeg_arrival_pond, layout_basic, minmay_distorted
D:2:      layout_loops_cross, basic_ecumenical_altar, roderic_st_hans_cross,
          grunt_decor_mini_mirrors, uniq_sigmund
D:3:      lemuel_castle_with_subvaults [lemuel_castle_interior_original],
          layout_basic, serial_bayou_pond_d
D:4:      layout_cave_pools, minmay_temple_entry_stoned_glass
D:5:      layout_cave_pods, serial_shops, nicolae_shop_overgrown_old_shop,
          minmay_misc_feat_cross
D:6:      layout_basic, uniq_pikel
D:7:      layout_basic, nicolae_kikubaaqudgha_miasma_corner, uniq_harold,
          uniq_menkaure
Temple:   hc_temple_tempest_star

Skill      XL: |  1  2  3  4  5  6  7  8 |
---------------+-------------------------+-----
Spellcasting   | 5 6 7 8 10 | 10.6
Fighting       | 1 2 |  2.0
Armour         | 1 2 |  2.7
Dodging        | 3 4 |  4.0
Conjurations   | 2 3 4 5 |  5.8
Fire Magic     | 1 2 3 4 |  4.9
Air Magic      | 1 |  1.0
Stealth        | 3 |  3.0
Poison Magic   | 1 |  1.0
Summonings     | |  1.1
Translocations | |  1.1
Evocations     | |  0.6

Action                   |  1- 3 |  4- 6 |  7- 9 || total
-------------------------+-------+-------+-------++-------
Melee: Dagger            |    11 |    23 |    21 ||    55
 Cast: Magic Dart        |   117 |    96 |   254 ||   467
       Call Imp          |     1 |     3 |       ||     4
       Mephitic Cloud    |     1 |     3 |    13 ||    17
       Conjure Flame     |     1 |     1 |     5 ||     7
       Blink             |       |       |     1 ||     1
 Stab: Confused          |     2 |       |     3 ||     5
Armor: Robe              |     3 |     7 |     3 ||    13
       Leather armour    |       |       |    19 ||    19
Dodge: Dodged            |    12 |    31 |    37 ||    80

Table legend: (Time is in decaauts)
 A = Elapsed time spent in this place.
 B = Non-inter-level travel time spent in this place.
 C = Inter-level travel time spent in this place.
 D = Time resting spent in this place.
 E = Time spent auto-exploring this place.
 F = Levels seen in this place.
 G = Mean time per level.
                   A        B        C        D        E       F      G
               +--------+--------+--------+--------+--------+-----+--------+
         Total |   8756 |   8526 |    230 |    171 |   7041 |   8 | 1094.5 |
       Dungeon |   8735 |   8514 |    221 |    171 |   7041 |   7 | 1247.9 |
        Temple |     21 |     12 |      9 |      0 |      0 |   1 |   21.0 |
               +--------+--------+--------+--------+--------+-----+--------+

Top non-repeatable levels by time:
     D:3: 2953 daAuts
     D:2: 1707 daAuts
     D:1: 1173 daAuts
     D:5: 1116 daAuts
     D:6: 983 daAuts
     D:4: 758 daAuts
     D:7: 42 daAuts
  Temple: 21 daAuts
